 Dungeon Crawl Stone Soup version 0.30-a0-738-g116ff8c4af (webtiles) character file.

Game seed: 15165236384397083854

49 Dordric the Cudgeller (level 3, -2/58 HPs)
             Began as an Ogre Berserker on Feb 3, 2023.
             Was a Believer of Trog.
             Succumbed to a kobold's poison
             ... on level 2 of the Dungeon.
             The game lasted 00:01:14 (777 turns).

Dordric the Cudgeller (Ogre Berserker)               Turns: 777, Time: 00:01:15

Health: -2/58      AC:  3    Str: 23    XL:     3   Next: 75%
Magic:  3/3        EV: 10    Int:  8    God:    Trog [**....]
Gold:   94         SH:  0    Dex:  8    Spells: 2/2 levels left

rFire   . . .      SeeInvis .    a - +0 mace
rCold   . . .      Faith    .    (no shield)
rNeg    . . .      Spirit   .    b - +0 animal skin
rPois   .          Reflect  .    (helmet restricted)
rElec   .          Harm     .    (no cloak)
rCorr   .          Rampage  .    (gloves unavailable)
Will    .....                    (boots unavailable) Stlth
                                 (no amulet)
HPRegen 0.29/turn                (no ring)
MPRegen 0.08/turn                (no ring)

@: berserking, lethally poisoned (-2 -> -17), very quick
A: large, unfitting armour, tough skin 1
a: Renounce Religion, Berserk, Trog's Hand


You were on level 2 of the Dungeon.
You worshipped Trog.
Trog was pleased with you.
You visited 1 branch of the dungeon, and saw 2 of its levels.

You collected 94 gold pieces.

Inventory:

Hand Weapons
 a - a +0 mace (weapon)
Armour
 b - a +0 animal skin (worn)
Scrolls
 f - a scroll of amnesia {unknown}
 g - a scroll of identify {unknown}
Potions
 c - 2 potions of curing {unknown}
 d - a potion of cancellation {unknown}
 e - a potion of degeneration {unknown}
 h - 2 potions of berserk rage {unknown}


   Skills:
 - Level 4.0 Fighting
 + Level 4.2 Maces & Flails
 - Level 2.6 Dodging


You had 2 spell levels left.
You didn't know any spells.
Your spell library was empty.

Dungeon Overview and Level Annotations

Branches:
Dungeon (2/15)

Altars:

Shops:
D:1 [!(


Innate Abilities, Weirdness & Mutations

You are too large for most types of armour.
You have tough skin. (AC +1)


Message History

You barely miss the kobold.
You feel very sick. The kobold hits you but does no damage.
You are more poisoned.
There are monsters nearby!
There are monsters nearby!
There are monsters nearby!
You barely miss the kobold.
You feel very sick. The kobold closely misses you. The endoplasm freezes you.
You are frozen.
The kobold misses you.
A red film seems to cover your vision as you go berserk!
You feel yourself moving faster!
You feel mighty!
You feel very sick.
The kobold hits you with a +0 short sword of venom.
* * * LOW HITPOINT WARNING * * *
You are lethally poisoned!
The endoplasm barely misses you.
You closely miss the kobold.
* * * LOW HITPOINT WARNING * * *
You feel very sick.
You sock the kobold!
You kill the kobold!
Trog accepts your kill.
* * * LOW HITPOINT WARNING * * *
You feel very sick.
The endoplasm jiggles.
The endoplasm hits you but does no damage.
* * * LOW HITPOINT WARNING * * *
You feel very sick. The endoplasm freezes you.
You are frozen.
* * * LOW HITPOINT WARNING * * *
Things that are here:
a +0 short sword of venom; 6 poisoned darts; a coppery potion You bludgeon the endoplasm!!
You kill the endoplasm!
Trog accepts your kill.
You die...

##### ....# #########
....### ###........
......#######...........
........................
............####........
.........###.†..@.......
........................
...........#............
...........#...........#
##.........#...........#
#.........###..#.####..
#.........##.....# #
#................#
##..............


There were no monsters in sight!

Vanquished Creatures
  A gnoll (D:1)
  2 dart slugs (D:2)
  4 ball pythons
  2 bats
  6 endoplasms
  2 goblins (D:1)
  2 hobgoblins (D:1)
  4 jackals (D:2)
  4 kobolds
  A frilled lizard (D:1)
  5 rats
33 creatures vanquished.

Notes
Turn   | Place    | Note
-------+----------+-------------------------------------------
     0 | D:1      | Dordric the Ogre Berserker began the quest for the Orb.
     0 | D:1      | Reached XP level 1. HP: 24/24 MP: 1/1
    34 | D:1      | Reached XP level 2. HP: 22/32 MP: 2/2
   249 | D:1      | Found Utisim's Antique Armour Shoppe.
   433 | D:1      | Reached XP level 3. HP: 39/39 MP: 3/3
   528 | D:1      | Found Faom's Distillery.
   604 | D:1      | Found Ygoun's Antique Weapon Shop.
   636 | D:2      | Found a faded altar of an unknown god.
   694 | D:2      | Reached ** piety under Trog
   776 | D:2      | HP: 2/58 [poisoned by a kobold]
   777 | D:2      | Succumbed to a kobold's poison

Illustrated notes

Levels and vault maps discovered:
D:1:      psy_arrival_dodecagon, layout_basic, serial_shops,
          nicolae_lakefront_shop, shop, shop
D:2:      layout_rooms, hellmonk_ecumenical_altar_crossroads,
          minmay_misc_feat_five

Skill      XL: |  1  2  3 |
---------------+----------+-----
Maces & Flails | 3 4 |  4.2
Fighting       | |  4.0
Dodging        | |  2.6

Action                     || total
---------------------------++-------
  Melee: Mace              ||    76
         Punch             ||     1
 Invoke: Berserk           ||     2
 Armour: Animal skin       ||    47
  Dodge: Dodged            ||    54

Table legend: (Time is in decaauts)
 A = Elapsed time spent in this place.
 B = Non-inter-level travel time spent in this place.
 C = Inter-level travel time spent in this place.
 D = Time resting spent in this place.
 E = Time spent auto-exploring this place.
 F = Levels seen in this place.
 G = Mean time per level.
                   A        B        C        D        E       F      G
               +--------+--------+--------+--------+--------+-----+--------+
         Total |    799 |    779 |     20 |     32 |    560 |   2 |  399.5 |
       Dungeon |    799 |    779 |     20 |     32 |    560 |   2 |  399.5 |
               +--------+--------+--------+--------+--------+-----+--------+

Top non-repeatable levels by time:
     D:1: 652 daAuts
     D:2: 147 daAuts
